 Dungeon Crawl Stone Soup version 0.31.0-1-g2c135a0 (webtiles) character file.

Game seed: 16267883356129370761

114629 sup the Severer (level 16, 0/220 HPs)
             Began as a Minotaur Fighter on Apr 5, 2024.
             Was the Champion of Okawaru.
             Killed by Olgreb's Toxic Radiance
             ... invoked by a naga ritualist
              (1 damage)
             ... on level 4 of the Snake Pit.
             The game lasted 00:47:30 (23279 turns).

sup the Severer (Minotaur Fighter)                 Turns: 23279, Time: 00:47:31

Health: 0/220      AC: 32    Str: 31    XL:     16   Next: 16%
Magic:  0/23       EV:  2    Int:  5    God:    Okawaru [******]
Gold:   1457       SH: 13    Dex: 11    Spells: 15/15 levels left

rFire   . . .        L - +16 obsidian axe {drain, demonic, Mesm ^Drain Fly SInv}
rCold   + . .        t - +1 kite shield
rNeg    . . .        I - melded +6 scale mail of Theory {Will+}
rPois   +            (helmet currently unavailable)
rElec   .            (cloak currently unavailable)
rCorr   .            a - melded +2 pair of gloves {hurl}
SInv    +            V - melded +2 pair of boots {rampage}
Will    +....        D - amulet "Loopliun" {Spirit +Inv rC+ Str+3}
Stlth   +            S - +4 ring of protection
HPRegen 0.56/turn    x - ring of poison resistance
MPRegen 0.18/turn

%: guardian spirit
@: lethally poisoned (0 -> -11), tree-form, mesmerised
A: stationary, stasis, torment immunity, boosted hp, (horns 2), (retaliatory
headbutt)
a: Renounce Religion, Evoke Invisibility, Heroism, Finesse, Duel


You were on level 4 of the Snake Pit.
You worshipped Okawaru.
Okawaru was exalted by your worship.
You were a tree.
You visited 5 branches of the dungeon, and saw 24 of its levels.

You collected 2801 gold pieces.
You spent 1344 gold pieces at shops.

Inventory:

Hand Weapons
 L - the +16 obsidian axe (weapon) {drain, demonic, Mesm ^Drain Fly SInv}
   (Okawaru gifted it to you on level 10 of the Dungeon)

   Mesm:      Its wielder is mesmerised by any visible foes, and it cannot be
   unequipped while any foes are visible.
   SInv:      It lets you see invisible.
   Fly:       It grants you flight.
   ^Drain:    It drains your maximum health when unequipped.
Missiles
 o - 37 poisoned darts
 u - 11 boomerangs (quivered)
 H - 15 atropa-tipped darts
 O - 10 silver javelins
Armour
 a - a +2 pair of gloves of hurling (melded)
 t - a +1 kite shield (worn)
 I - the +6 scale mail of Theory (melded) {Will+}
   (You found it on level 10 of the Dungeon)

   Will+:     It increases your willpower.
 V - a +2 pair of boots of rampaging (melded)
Jewellery
 k - a +4 ring of slaying
 q - a ring of fire
 w - a ring of wizardry
 x - a ring of poison resistance (right branch)
 z - a ring of willpower
 D - the amulet "Loopliun" (around neck) {Spirit +Inv rC+ Str+3}
   (You took it off a wight on level 7 of the Dungeon)

   [amulet of guardian spirit]

   Spirit:    It causes incoming damage to be divided between your reserves of
   health and magic.
   Str+3:     It affects your strength (+3).
   rC+:       It protects you from cold.
   +Inv:      It lets you turn invisible.
 K - an amulet of regeneration
 R - a ring of protection from cold
 S - a +4 ring of protection (left branch)
 U - a ring of willpower
Wands
 b - a wand of roots (6)
 h - a wand of mindburst (11)
 v - a wand of acid (15)
 y - a wand of polymorph (17)
Scrolls
 d - a scroll of blinking
 e - a scroll of enchant weapon
 f - 3 scrolls of torment
 g - a scroll of brand weapon
 m - a scroll of enchant armour
 n - 2 scrolls of amnesia
 E - a scroll of revelation
 F - 2 scrolls of teleportation
 J - 3 scrolls of immolation
 N - 2 scrolls of poison
 P - 2 scrolls of silence
 Q - 2 scrolls of fog
 X - 4 scrolls of identify
 Y - 2 scrolls of fear
Potions
 c - 5 potions of cancellation
 i - a potion of haste
 j - 2 potions of heal wounds
 l - 6 potions of invisibility
 p - 7 potions of curing
 r - 4 potions of enlightenment
 s - a potion of ambrosia {unknown}
 B - 5 potions of might
 C - 2 potions of lignification
 G - a potion of resistance
 M - 2 potions of magic
 T - 5 potions of berserk rage


   Skills:
 + Level 14.8 Fighting
 - Level 18.0 Axes
 + Level 14.3 Throwing
 + Level 14.7 Armour
 + Level 14.7 Shields
 + Level 10.7 Invocations


You had 15 spell levels left.
You didn't know any spells.
Your spell library contained the following spells:

 Spells                   Type           Power      Damage    Failure   Level
 Kiss of Death            Conj/Necr      0%         2d5       58%         1
 Magic Dart               Conj           0%         1d3       58%         1
 Necrotise                Necr           0%         1d4       58%         1
 Sandblast                Erth           0%         2d4       58%         1
 Searing Ray              Conj           0%         2d4       73%         2
 Sublimation of Blood     Necr           0%         N/A       73%         2
 Confusing Touch          Hex            0%         N/A       91%         3
 Passwall                 Erth           0%         N/A       91%         3
 Stone Arrow              Conj/Erth      0%         3d7       91%         3
 Vampiric Draining        Necr           0%         2d6       91%         3
 Brom's Barrelling Bould  Conj/Erth      0%         2d3       100%        4
 Dispel Undead            Necr           0%         3d6       100%        4
 Fulminant Prism          Conj/Alch      0%         3d5       100%        4
 Passage of Golubria      Tloc           0%         N/A       100%        4
 Alistair's Intoxication  Alch           0%         N/A       100%        5
 Borgnjor's Vile Clutch   Necr/Erth      0%         N/A       100%        5
 Curse of Agony           Necr           0%         N/A       100%        5
 Fireball                 Conj/Fire      0%         3d3       100%        5
 Irradiate                Conj/Alch      0%         3d11      100%        5
 Lee's Rapid Deconstruct  Erth           0%         3d4*      100%        5
 Yara's Violent Unravell  Hex/Alch       0%         3d3       100%        5
 Eringya's Noxious Bog    Alch           0%         4d6       100%        6
 Lehudib's Crystal Spear  Conj/Erth      0%         10d2      100%        8
 Call Imp                 Summ           Unusable   N/A       N/A         2
 Tukima's Dance           Hex            Unusable   N/A       N/A         3
 Animate Armour           Summ/Erth      Unusable   N/A       N/A         4
 Martyr's Knell           Necr/Summ      Unusable   N/A       N/A         4
 Summon Lightning Spire   Summ/Air       Unusable   N/A       N/A         4
 Summon Hydra             Summ           Unusable   N/A       N/A         7
 Dragon's Call            Summ           Unusable   N/A       N/A         9

Dungeon Overview and Level Annotations

Branches:
Dungeon (12/15)            Temple (1/1) D:4            Lair (5/5) D:8
 Shoals (0/4) Lair:2        Snake (4/4) Lair:2        Slime (0/5) Lair:5
    Orc (2/2) D:12            Elf (0/3) Orc:2

Altars:
Ashenzari
Cheibriados
Dithmenos
Elyvilon
Fedhas
Gozag
Hepliaklqana
Kikubaaqudgha
Makhleb
Nemelex Xobeh
Okawaru
Qazlal
Ru
Sif Muna
Trog
Uskayaw
Vehumet
Wu Jian
Xom
Yredelemnul
Zin
The Shining One
Jiyva

Shops:
D:10 (:   Orc:2 =?[[   Snake:1 :   Snake:4 **

Annotations:
Snake:4 3 runed translucent doors, exclusions: 3 doors and obsidian statue, bob002's ghost, journeyman TrCK


Innate Abilities, Weirdness & Mutations

You are a tree.
Your roots penetrate the ground, keeping you stationary.
You cannot be teleported.
You are immune to unholy pain and torment.
Your maximum health is greatly increased.
Your equipment is partially melded.
((You have a pair of horns on your head.))
((You reflexively headbutt those who attack you in melee.))


Message History

You feel extremely sick.
You are more poisoned.
* * * LOW HITPOINT WARNING * * *
You are more poisoned.
The naga ritualist's toxic aura wanes.
You block the mana viper's attack.
The naga mage hits you but does no damage.
You block the naga mage's attack. You block the black mamba's attack.
The mana viper bites you but does no damage.
The naga mage casts a spell at the black mamba.
The black mamba's venom grows more potent.
The black mamba bites you but does no damage.
The mana viper bites you but does no damage.
The naga mage hits you but does no damage.
The naga mage grabs you. The naga mage constricts you.
You slice the naga mage!! You drain the naga mage.
You kill the naga mage!
Okawaru accepts your kill.
You slash the black mamba! You drain the black mamba.
You barely miss the naga ritualist. You slice the mana viper!!
You drain the mana viper.
You feel yourself speed up.
* * * LOW HITPOINT WARNING * * *
You feel very sick.
* * * LOW HITPOINT WARNING * * *
You are more poisoned.
The black mamba bites you but does no damage.
You block the mana viper's attack.
The naga ritualist hits you but does no damage.
The naga ritualist spits poison at you.
The splash of poison hits you but does no damage.
You resist. You block the black mamba's attack.
You slice the black mamba!!
You kill the black mamba!
Okawaru accepts your kill.
You hit the naga ritualist. You miss the anaconda. You hit the naga mage.
You drain the naga mage.
Visions of slaying the anaconda flood into your mind.
* * * LOW HITPOINT WARNING * * *
You feel very sick.
You die...

#** #.** *** *******
#..#** *,** **,,,,,*
#....** **,***,,,**,,
***#....### ***,,,,,,**,,,
*,*#!...)♣#**,,,,,,,,**,,,
**......NNSS.....*,,,*,,,,
*#......SSN...##*,,,,,,,,
##.........### *,,,,,,,,
##.......## *,,,,,,..
#........* ##.......
#........# #........
*#........#* #........
*,,,**,,,..#*##........


You could see an anaconda (mesmerising, drained), 2 naga ritualists, 2 mana
vipers, a black mamba and a naga mage (fast, drained).

Vanquished Creatures
  Nikola (Snake:2)
  Mlioglotl (Snake:1)
  A nagaraja (Snake:3)
  Azrael (D:12)
  An ogre mage (Orc:2)
  2 ice dragons (Lair:5)
  Erolcha (D:10)
  4 hydras
  2 salamander tyrants
  11 anacondas
  3 naga warriors
  4 death yaks (Lair:5)
  3 two-headed ogres
  6 naga sharpshooters
  3 shock serpents
  A skyshark (Lair:5)
  Nergalle (Orc:2)
  A sixfirhy (D:10)
  Lodul (D:10)
  2 sea snakes (Snake:2)
  3 salamander mystics
  A swamp dragon (Lair:5)
  7 mana vipers
  5 naga ritualists
  The ghost of Biscolet the Skirmisher, a novice MiHu of Hepliaklqana (D:7)
  A lindwurm (Lair:5)
  A deep elf pyromancer (D:12)
  Maurice (D:9)
  8 orc sorcerers (Orc:2)
  2 wolf spiders (Lair:3)
  3 cyclopes
  10 salamanders
  24 elephants
  A manticore (D:12)
  32 black mambas
  The ghost of flinslave4 the Skirmisher, a novice MiHu of Uskayaw (D:5)
  9 naga magi
  7 torpor snails
  13 cane toads
  3 rime drakes
  An unseen horror (D:12)
  A kobold demonologist (D:10)
  Jeremiah (D:9)
  6 komodo dragons
  Psyche (D:9)
  3 trolls
  7 hornets (Lair:5)
  A polar bear (Lair:5)
  4 tyrant leeches (Lair:5)
  6 dream sheep (Lair:1)
  25 blink frogs
  4 slime creatures (D:12)
  Sigmund (D:5)
  A centaur simulacrum (D:12)
  2 wraiths
  54 yaks
  3 wyverns
  2 fire elementals (D:12)
  A basilisk (Lair:2)
  4 steam dragons
  3 wargs
  13 vampire mosquitoes
  3 acid dragons
  24 nagas
  13 water moccasins
  A swamp drake (Lair:5)
  6 orc warriors
  2 hell hounds (D:12)
  3 ice beasts
  A black bear (D:8)
  20 ogres
  5 centaurs
  16 wolves
  A phantom (D:5)
  2 kobold brigands
  16 bullfrogs
  5 gnoll sergeants
  3 scorpions
  5 wights
  7 killer bees
  3 howler monkeys
  A crimson imp (D:6)
  4 hounds
  13 jellies
  8 orc priests
  A bombardier beetle (D:3)
  2 gnoll boudas
  28 orc wizards
  4 hell rats (Lair:1)
  11 iguanas
  Ijyb (D:5)
  25 gnolls
  6 adders
  2 shadow imps
  2 dart slugs
  2 ribbon worms
  44 orcs
  8 endoplasms
  2 giant cockroaches
  8 goblins
  5 hobgoblins
  22 kobolds
  2 quokkas (D:2)
  3 ball pythons
  6 bats
  4 frilled lizards
  4 rats
681 creatures vanquished.

Vanquished Creatures (others)
  A steam dragon (Lair:5)
1 creature vanquished.

Grand Total: 682 creatures vanquished

Notes
Turn   | Place    | Note
-------+----------+-------------------------------------------
     0 | D:1      | sup the Minotaur Fighter began the quest for the Orb.
     0 | D:1      | Reached XP level 1. HP: 19/19 MP: 0/0
   105 | D:1      | Reached skill level 3 in Axes
   434 | D:1      | Reached XP level 2. HP: 25/26 MP: 1/1
   985 | D:2      | Reached skill level 4 in Axes
  1347 | D:2      | Reached XP level 3. HP: 21/31 MP: 2/2
  1848 | D:3      | Reached skill level 5 in Axes
  1931 | D:3      | Reached XP level 4. HP: 35/39 MP: 3/3
  1944 | D:3      | Reached skill level 6 in Axes
  2091 | D:3      | Reached XP level 5. HP: 37/43 MP: 4/4
  2471 | D:3      | Reached skill level 7 in Axes
  2722 | D:4      | Noticed a yak
  2723 | D:4      | Noticed a yak
  2724 | D:4      | Noticed a yak
  2731 | D:4      | Noticed a yak
  2735 | D:4      | Killed a yak
  2736 | D:4      | Reached skill level 8 in Axes
  2736 | D:4      | Reached XP level 6. HP: 49/51 MP: 5/5
  2736 | D:4      | Killed a yak
  2737 | D:4      | Reached skill level 9 in Axes
  2737 | D:4      | Reached XP level 7. HP: 56/57 MP: 6/6
  2741 | D:4      | Killed a yak
  2744 | D:4      | Killed a yak
  2745 | D:4      | Reached skill level 10 in Axes
  2909 | D:4      | Reached skill level 11 in Axes
  3266 | D:4      | Found a staircase to the Ecumenical Temple.
  3292 | Temple   | Entered the Ecumenical Temple
  3307 | Temple   | Became a worshipper of Warmaster Okawaru
  3370 | D:5      | Entered Level 5 of the Dungeon
  3370 | D:5      | Noticed Ijyb
  3372 | D:5      | Killed Ijyb
  3373 | D:5      | Reached XP level 8. HP: 64/64 MP: 7/7
  3581 | D:5      | Reached skill level 12 in Axes
  3848 | D:5      | Reached * piety under Okawaru
  3903 | D:5      | Found a transporter.
  3908 | D:5      | Found a transporter.
  4008 | D:5      | Identified the ring "Nuxierir" {*Corrode rF+ Dex+6 Stlth+}
  4080 | D:5      | Noticed flinslave4's ghost (novice MiHu)
  4095 | D:5      | Noticed Sigmund
  4124 | D:5      | Killed Sigmund
  4125 | D:5      | Reached skill level 13 in Axes
  4425 | D:5      | Killed flinslave4's ghost
  4426 | D:5      | Reached skill level 14 in Axes
  4426 | D:5      | Reached XP level 9. HP: 64/70 MP: 8/8
  4431 | D:5      | Reached ** piety under Okawaru
  4803 | D:6      | Reached skill level 15 in Axes
  5016 | D:6      | Identified the +6 whip of Indomitability {spect, Str+4}
  5076 | D:6      | Found a sacrificial altar of Ru.
  5140 | D:6      | Found a burning altar of Makhleb.
  5340 | D:7      | Found a transporter.
  5572 | D:7      | Noticed Biscolet's ghost (novice MiHu)
  5573 | D:7      | Found a transporter.
  5573 | D:7      | Identified the amulet "Loopliun" {Spirit +Inv rC+ Str+3}
  6141 | D:7      | Reached skill level 16 in Axes
  6148 | D:7      | Killed Biscolet's ghost
  6148 | D:7      | Reached *** piety under Okawaru
  6156 | D:7      | Reached XP level 10. HP: 44/77 MP: 9/9
  6377 | D:8      | Reached skill level 17 in Axes
  6469 | D:8      | Reached **** piety under Okawaru
  6760 | D:8      | Found a staircase to the Lair.
  7408 | D:9      | Noticed Jeremiah
  7576 | D:9      | Killed Jeremiah
  7577 | D:9      | Reached skill level 18 in Axes
  7580 | D:9      | Reached skill level 1 in Throwing
  7636 | D:9      | Noticed Maurice
  7641 | D:9      | Maurice stole the amulet "Loopliun" {Spirit +Inv rC+ Str+3}
  7642 | D:9      | Killed Maurice
  7643 | D:9      | Reached skill level 1 in Invocations
  7789 | D:9      | Reached ***** piety under Okawaru
  7838 | D:9      | Noticed Psyche
  7847 | D:9      | Killed Psyche
  7896 | D:9      | Reached skill level 5 in Fighting
  7960 | D:9      | Reached skill level 5 in Armour
  7960 | D:9      | Reached skill level 5 in Shields
  7972 | D:9      | Reached XP level 11. HP: 65/88 MP: 12/12
  8397 | D:10     | Entered Level 10 of the Dungeon
  8397 | D:10     | Found Utiag's Book Shoppe.
  8405 | D:10     | Identified the +6 scale mail of Theory {Will+}
  8549 | D:10     | Noticed a two-headed ogre
  8561 | D:10     | Noticed Erolcha
  8568 | D:10     | Killed a two-headed ogre
  8569 | D:10     | Reached skill level 5 in Throwing
  8574 | D:10     | Killed Erolcha
  8574 | D:10     | Received a gift from Okawaru
  8592 | D:10     | Noticed Lodul
  8603 | D:10     | Killed Lodul
  8603 | D:10     | Reached ****** piety under Okawaru
  8648 | D:10     | Acquired the +16 obsidian axe {drain, demonic, Mesm ^Drain
                  | Fly SInv}
  8648 | D:10     | Received a gift from Okawaru
  8648 | D:10     | Found the +16 obsidian axe {drain, demonic, Mesm ^Drain Fly
                  | SInv}
  8652 | D:10     | Acquired a +1 pair of gloves of hurling
  8652 | D:10     | Received a gift from Okawaru
  8925 | D:10     | Noticed a sixfirhy
  8926 | D:10     | Found a runed translucent door.
  8938 | D:10     | Killed a sixfirhy
  9078 | D:11     | Found a sparkling altar of Nemelex Xobeh.
  9213 | D:11     | Noticed a two-headed ogre
  9224 | D:11     | Killed a two-headed ogre
  9224 | D:11     | Received a gift from Okawaru
  9281 | D:10     | Found Ezxio's Weapon Emporium.
  9779 | Lair:1   | Entered Level 1 of the Lair of Beasts
  9788 | Lair:1   | Reached skill level 5 in Invocations
  9795 | Lair:1   | Reached XP level 12. HP: 21/100 MP: 14/14
 10048 | Lair:1   | Received a gift from Okawaru
 10302 | Lair:1   | Identified the +6 whip of Defence by Offence {pain, rN+
                  | rCorr Str-3}
 10945 | Lair:2   | Found a staircase to the Shoals.
 11188 | Lair:2   | Received a gift from Okawaru
 11411 | Lair:2   | Found a staircase to the Snake Pit.
 11782 | Lair:3   | Reached skill level 10 in Throwing
 11928 | Lair:3   | Reached XP level 13. HP: 99/111 MP: 17/17
 12018 | Lair:3   | Received a gift from Okawaru
 12864 | Lair:4   | Reached skill level 10 in Fighting
 12867 | Lair:4   | Reached skill level 10 in Shields
 12869 | Lair:4   | Reached skill level 10 in Armour
 12873 | Lair:4   | Received a gift from Okawaru
 13737 | Lair:5   | Entered Level 5 of the Lair of Beasts
 13793 | Lair:4   | Received a gift from Okawaru
 14077 | Lair:5   | Received a gift from Okawaru
 14107 | Lair:5   | Reached XP level 14. HP: 109/124 MP: 19/19
 14125 | Lair:5   | Identified the +5 dire flail "Renwer" {venom, rC+ rN+ Will+
                  | Dex+4}
 14137 | Lair:5   | Found a viscous altar of Jiyva.
 14143 | Lair:5   | Found a staircase to the Slime Pits.
 14310 | Lair:5   | Received a gift from Okawaru
 15495 | D:12     | Received a gift from Okawaru
 15666 | D:12     | Found a staircase to the Orcish Mines.
 16147 | D:12     | Got the Cyclopedia of the Congregated Fifth Circle
 16157 | D:12     | Identified the +10 war axe "Ogre's Funeral" {elec, ^Fragile
                  | rC++ Str-3 Int+8}
 16207 | D:12     | Noticed Azrael
 16216 | D:12     | Killed Azrael
 16271 | Orc:1    | Entered Level 1 of the Orcish Mines
 16278 | Orc:1    | Received a gift from Okawaru
 16956 | Orc:2    | Entered Level 2 of the Orcish Mines
 17535 | Orc:2    | Found a staircase to the Elven Halls.
 18085 | Orc:2    | Found Kahot's Magic Scroll Shoppe.
 18243 | Orc:2    | Found an ancient bone altar of Kikubaaqudgha.
 18244 | Orc:2    | Noticed Nergalle
 18249 | Orc:2    | Killed Nergalle
 18255 | Orc:2    | Found Olis's Antique Armour Shoppe.
 18277 | Orc:2    | Found a radiant altar of Vehumet.
 18316 | Orc:2    | Found Plog's Jewellery Emporium.
 18365 | Orc:2    | Found Xuawk's Antique Armour Shoppe.
 18485 | Orc:2    | Bought a shiny plate armour for 832 gold pieces
 18485 | Orc:2    | Bought a pair of runed boots for 240 gold pieces
 18509 | Orc:2    | Bought a scroll of enchant weapon for 97 gold pieces
 18509 | Orc:2    | Bought a scroll of identify for 26 gold pieces
 18509 | Orc:2    | Bought a scroll of identify for 26 gold pieces
 18509 | Orc:2    | Bought a scroll of revelation for 97 gold pieces
 18509 | Orc:2    | Bought a scroll of identify for 26 gold pieces
 18810 | Snake:1  | Entered Level 1 of the Snake Pit
 18870 | Snake:1  | Received a gift from Okawaru
 18874 | Snake:1  | Reached XP level 15. HP: 70/136 MP: 11/20
 19411 | Snake:1  | Noticed Mlioglotl
 19704 | Snake:1  | Noticed a tentacled monstrosity
 19705 | Snake:1  | Killed Mlioglotl
 19894 | Snake:1  | Found Pohin's Book Shoppe.
 20067 | Snake:1  | Received a gift from Okawaru
 20562 | Snake:2  | Noticed Nikola
 20582 | Snake:2  | Killed Nikola
 20915 | Snake:2  | Received a gift from Okawaru
 21024 | Snake:2  | Reached skill level 10 in Invocations
 21248 | Snake:2  | Received a gift from Okawaru
 22015 | Snake:3  | Noticed a nagaraja
 22027 | Snake:3  | Killed a nagaraja
 22959 | Snake:4  | Entered Level 4 of the Snake Pit
 22968 | Snake:4  | Reached XP level 16. HP: 125/147 MP: 18/22
 23177 | Snake:4  | Found a runed translucent gate.
 23177 | Snake:4  | Found a runed translucent gate.
 23192 | Snake:4  | Found an opulent altar of Gozag.
 23193 | Snake:4  | Found a runed translucent gate.
 23195 | Snake:4  | Found Wiweuteava's Assorted Antiques.
 23195 | Snake:4  | Noticed bob002's ghost (journeyman TrCK)
 23197 | Snake:4  | Found Foanluf's Assorted Antiques.
 23277 | Snake:4  | HP: 10/220 [naga ritualist/Olgreb's Toxic Radiance (2)]
 23278 | Snake:4  | HP: 4/220 [naga ritualist/Olgreb's Toxic Radiance (1)]
 23279 | Snake:4  | HP: 1/220 [poisoned by a naga ritualist (toxic radiance)]
 23279 | Snake:4  | Killed from afar by a naga ritualist

Illustrated notes

Levels and vault maps discovered:
D:1:      dpeg_arrival_simpleton_b, layout_basic, serial_rivers,
          chequers_serial_rivers_small_b, chequers_serial_rivers_room_a,
          chequers_serial_rivers_room_b, chequers_serial_rivers_small_3
D:2:      layout_basic, minmay_diced_spiral
D:3:      corexii_shack_village, layout_loops_ring, minmay_tree_intersection,
          nicolae_grassy_gnolls
D:4:      layout_cave_pools, minmay_temple_entry_poolview
D:5:      layout_loops_corners, gammafunk_ghost_gnarly_gnolls, uniq_ijyb,
          uniq_sigmund
D:6:      layout_rooms, makhleb_grotto_becter, nicolae_ru_the_path_less_chosen
D:7:      layout_layer_cave, gammafunk_ghost_arena, billiards_dpeg
D:8:      layout_basic, lair_entry_dummy, st_stairs_6
D:9:      layout_basic, uniq_maurice, uniq_psyche, uniq_jeremiah
D:10:     cheibrodos_shockbox, layout_small_grid, serial_shops, shop,
          nicolae_stop_n_shop_1, uniq_lodul, uniq_erolcha
D:11:     layout_rooms, nemelex_spade_bored_becter
D:12:     cheibrodos_barr_body, layout_loops_cross, uniq_azrael
Temple:   nicolae_temple_slightly_damp_pantheon
Lair:1:   layout_regular_city, grunt_megastairs_3
Lair:2:   layout_cave_pods, elwin_shoals_entry_rocks, dummy_snake_entry,
          grunt_megastairs_5
Lair:3:   layout_small_grid, nicolae_lair_run_with_the_wolves
Lair:4:   layout_layer_cave
Lair:5:   guppyfry_lair_end_dragon, layout_concentric_octagons, wormcave,
          nicolae_slime_entry_slimehenge, nicolae_lair_grazing_beasts
          [nicolae_sub_lair_graze_edge, nicolae_sub_lair_graze_edge,
          nicolae_sub_lair_graze_edge, nicolae_sub_lair_graze_edge]
Snake:1:  layout_honeycomb, serial_shops, shop, uniq_mlioglotl
Snake:2:  layout_grid_shapes, hangedman_snake_thin_pillar_pass,
          guppyfry_snake_island, uniq_nikola
Snake:3:  layout_gridlike, drop_trap, grunt_megastairs_2
Snake:4:  grunt_snake_rune_pools, layout_cave_town, ebering_ghost_gozag,
          nicolae_wooded_promenade
Orc:1:    layout_diamond_mine, basic_altar
Orc:2:    kennysheep_orc_mage_school, layout_caves,
          regret_index_minedec_shroomtown_chain

Skill      XL: |  1  2  3  4  5  6  7  8  9 10 11 12 13 14 15 |
---------------+----------------------------------------------+-----
Axes           | 3 4 5 6 8 9 11 14 16 18 | 18.0
Throwing       | 4 7 10 12 13 14 | 14.3
Fighting       | 5 7 9 11 13 14 | 14.8
Armour         | 5 7 9 11 13 14 | 14.7
Shields        | 5 7 9 11 13 14 | 14.7
Invocations    | 2 5 7 8 9 10 | 10.7

Action                     |  1- 3 |  4- 6 |  7- 9 | 10-12 | 13-15 | 16-18 || total
---------------------------+-------+-------+-------+-------+-------+-------++-------
  Melee: War axe           |    67 |    62 |   158 |   167 |       |       ||   454
         Headbutt          |     7 |    12 |    30 |    71 |   120 |    11 ||   251
         Unarmed           |       |       |     7 |       |       |       ||     7
         Broad axe         |       |       |       |   201 |   639 |    51 ||   891
  Throw: Stone             |     2 |       |       |       |       |       ||     2
         Dart              |     4 |    18 |     8 |       |       |       ||    30
         Boomerang         |       |       |     9 |     8 |   180 |       ||   197
 Invoke: Heroism           |       |       |     2 |     1 |     2 |       ||     5
         Receive Weapon    |       |       |       |     1 |       |       ||     1
         Receive Armour    |       |       |       |     1 |       |       ||     1
         Finesse           |       |       |       |       |     2 |       ||     2
    Use: Scroll            |     5 |       |     8 |    10 |     9 |     2 ||    34
         Potion            |       |       |     3 |       |     1 |     4 ||     8
   Stab: Invisible         |       |       |     1 |       |       |       ||     1
         Distracted        |       |       |       |       |     2 |       ||     2
 Armour: Scale mail        |    42 |    36 |   100 |   160 |   355 |    60 ||   753
         Skin              |       |       |     4 |       |       |     8 ||    12
         Chain mail        |       |       |       |    56 |       |       ||    56
  Dodge: Dodged            |    33 |    18 |    60 |    73 |   140 |    33 ||   357
  Block: Buckler           |     9 |    13 |    17 |       |       |       ||    39
         Kite shield       |       |       |    33 |   151 |   307 |    48 ||   539
